AoeStats
← [JaMx] K@l-El

Arabia

509798926Analyzed
4v4 RM · 5d ago on Sep 28, 2026· 42m 44s· 8 players
Game mode
Random Map
Map size
Large (8 player)
Population
200
Speed
Normal
Resources
Standard
Victory
Conquest
Starting age
Dark Age
Ending age
Imperial Age
RankedLock teamsTeams togetherTeam positionsShared explorationLock speedFull tech treeHidden civsTurbo modeCheats
Victory
Defeat
🇲🇽 Varangians · Mexico
1493
+10
🇲🇽 Magyars · Mexico
1422
+13
🇲🇽 Maya · Mexico
1346
+16
🇲🇽 Britons · Mexico
1313
+17
🇨🇱 Varangians · Chile
1357
-14
🇨🇱 Shu · Chile
1348
-14
🇨🇱 Ethiopians · Chile
1347
-14
🇨🇱 Persians · Chile
1345
-14
Leonardo
6:40 Loom
9:20 Feudal Age
14:39 Fletching
18:30 Wheelbarrow
18:35 Padded Archer Armor
27:17 Castle Age
26:44 Double-Bit Axe
26:40 Horse Collar
26:52 Gold Mining
27:56 Bodkin Arrow
27:23 Crossbowman
28:13 Thumb Ring
29:14 Bow Saw
30:17 Ballistics
35:53 Imperial Age
36:51 Leather Archer Armor
36:40 Bracer
37:42 Chemistry
38:39 Two-Man Saw
39:02 Arbalester
Gus Dekkers
5:44 Loom
8:46 Feudal Age
11:11 Scale Barding Armor
14:58 Forging
26:28 Castle Age
27:46 Bloodlines
27:36 Husbandry
27:57 Chain Barding Armor
28:12 Iron Casting
30:05 Gold Mining
32:36 Town Watch
33:28 Wheelbarrow
45:11 Imperial Age
Mancodios
6:54 Loom
9:48 Feudal Age
11:32 Forging
14:02 Bloodlines
16:36 Scale Barding Armor
18:04 Double-Bit Axe
27:37 Castle Age
26:29 Horse Collar
31:07 Chain Barding Armor
34:56 Husbandry
37:32 Wheelbarrow
ATELLo
6:20 Loom
9:29 Feudal Age
16:28 Fletching
17:55 Padded Archer Armor
24:07 Double-Bit Axe
28:37 Castle Age
28:40 Crossbowman
29:27 Bodkin Arrow
[JaMx] K@l-El
6:19 Loom
8:55 Feudal Age
9:51 Double-Bit Axe
15:47 Scale Barding Armor
18:40 Bloodlines
20:33 Wheelbarrow
23:14 Castle Age
21:32 Gold Mining
21:24 Horse Collar
24:33 Chain Barding Armor
sgt peppers s
6:23 Loom
9:02 Feudal Age
13:18 Fletching
23:13 Wheelbarrow
25:02 Horse Collar
26:29 Padded Archer Armor
26:24 Double-Bit Axe
30:25 Castle Age
31:02 Bodkin Arrow
30:28 Crossbowman
35:39 Leather Archer Armor
35:41 Bow Saw
37:21 Ballistics
Jalayas
6:21 Loom
8:57 Feudal Age
10:02 Horse Collar
10:12 Double-Bit Axe
14:49 Horse Collar
16:43 Scale Barding Armor
18:20 Bloodlines
22:18 Forging
29:15 Castle Age
28:26 Gold Mining
30:17 Bow Saw
30:08 Heavy Plow
30:10 Husbandry
29:35 Light Cavalry
33:11 Chain Barding Armor
33:27 Iron Casting
33:59 Wheelbarrow
33:10 Town Watch
39:15 Fletching
44:38 Imperial Age
Ananda
0:26 Loom
9:52 Feudal Age
10:37 Double-Bit Axe
13:37 Fletching
16:18 Padded Archer Armor
23:42 Wheelbarrow
25:53 Castle Age
24:02 Gold Mining
27:03 Bodkin Arrow
26:40 Crossbowman
27:26 Thumb Ring
29:02 Ballistics
31:15 Leather Archer Armor
38:24 Hand Cart
41:02 Imperial Age
42:16 Bow Saw
41:33 Arbalester
42:41 Bracer
Connection lost

Rejoining the realm…

Still unreachable

The connection could not be restored.

Session expired

The server has moved on; the page needs a fresh start.